 Dungeon Crawl Stone Soup version 0.28.0-43-g3370ac3207 (webtiles) character file.

Game seed: 17293403039514097099

114 mortz the Conjurer (level 5, -2/35 HPs)
             Began as a Human Conjurer on Mar 5, 2022.
             Slain by an iguana (7 damage)
             ... on level 4 of the Dungeon.
             The game lasted 00:16:16 (3306 turns).

mortz the Conjurer (Human Conjurer)                 Turns: 3306, Time: 00:16:16

Health: -2/35      AC:  8    Str:  7    XL:     5   Next: 18%
Magic:  1/8        EV: 11    Int: 21    God:
Gold:   130        SH:  0    Dex: 11    Spells: 6/9 levels left

rFire   . . .      SeeInvis .   k - +0 flail (vorpal) {mace}
rCold   + . .      Faith    .   (no shield)
rNeg    . . .      Spirit   .   p - +0 leather armour
rPois   .          Reflect  .   d - +2 helmet
rElec   .          Harm     .   (no cloak)
rCorr   .          Rampage  .   (no gloves)
Will    .....                   c - +1 pair of boots
Stlth   ++........              g - amulet of the acrobat
HPRegen 0.11/turn               j - ring of protection from cold
MPRegen 0.11/turn               (no ring)

@: no status effects
A: no striking features
a: no special abilities


You were on level 4 of the Dungeon.
You visited 1 branch of the dungeon, and saw 4 of its levels.

You collected 130 gold pieces.


   Skills:
 + Level 0.5 Polearms
 + Level 2.2 Dodging
 + Level 2.5 Stealth
 + Level 2.5 Spellcasting
 + Level 5.4 Conjurations


You had 6 spell levels left.
You knew the following spells:

 Your Spells              Type           Power      Damage    Failure   Level
a - Magic Dart            Conj           100%       1d8       2%          1
b - Searing Ray           Conj           50%        2d6       3%          2

Your spell library contained the following spells:

 Spells                   Type           Power      Damage    Failure   Level
 Dazzling Flash           Conj/Hex       28%        N/A       21%         3
 Sting                    Tmut/Pois      8%         1d3       22%         1
 Poisonous Vapours        Pois/Air       4%         N/A       32%         2
 Fulminant Prism          Conj/Hex       7%         3d7       56%         4
 Iskenderun's Mystic Bla  Conj/Tloc      14%        2d5       56%         4
 Olgreb's Toxic Radiance  Pois           2%         N/A       91%         4

Inventory:

Hand Weapons
 b - a +0 spear {polearm}
   (You found it on level 1 of the Dungeon)
 h - a +0 dagger {short}
   (You took it off a goblin on level 2 of the Dungeon)
 k - a +0 vorpal flail (weapon) {mace}
   (You took it off an orc on level 3 of the Dungeon)
 o - a +0 trident {polearm}
   (You took it off an orc on level 3 of the Dungeon)
Missiles
 i - 65 stones {throwing}
 n - a boomerang {throwing}
 q - a throwing net {=f!fthrowing}
Armour
 a - a +0 robe
 c - a +1 pair of boots (worn)
   (You found it on level 1 of the Dungeon)
 d - a +2 helmet (worn)
   (You found it on level 1 of the Dungeon)
 p - a +0 leather armour (worn)
   (You took it off an orc on level 3 of the Dungeon)
Jewellery
 g - an amulet of the acrobat (around neck)
   (You found it on level 2 of the Dungeon)
 j - a ring of protection from cold (left hand)
   (You found it on level 3 of the Dungeon)
Scrolls
 e - a scroll of noise {unknown}
 f - a scroll of torment {unknown}
 l - a scroll of silence {unknown}
 m - a scroll of identify {unknown}

Dungeon Overview and Level Annotations

Branches:
Dungeon (4/15)
 Temple: D:4-7

Altars:
Ashenzari
Hepliaklqana

Annotations:
D:2 Sigmund

##..###...#..........
#.....................#
#..###...#.....#.##.#.#
##..###...#...###.......
................ ........#
................ .........
..............####.#.#...#
.#.......##...............
.........##...##@........
....###)###...##l...........
.##.###.###...##)...##..... ..
..............##..<.##....##.##
.#..)).......#####..# ........ .
....###.####........###....#.# #
##.###.....###.....).##..#.#.####
#.........# #....)..##..........
#.........###)......##..##).###.


You could see an iguana.


Message History

Something closely misses you. 😕 HP[+1] MP[-1]
You lost 1 mp, and now have 3/8 mp.
Casting: Searing Ray (safe; 3% risk of failure)
Confirm with . or Enter, or press ? or * to list all spells.
You don't know that spell.
Casting: Searing Ray (safe; 3% risk of failure)
Confirm with . or Enter, or press ? or * to list all spells.
Aiming: Searing Ray (safe; 3% risk of failure)
Press: ? - help, Shift-Dir - straight line (Press . to maintain the ray.)
Something hits you. 😕 HP[-3] MP[-2]
You take 3 damage, and now have 28/35 hp.
You lost 2 mp, and now have 1/8 mp.
The searing ray hits something.
You hear some strange, mumbled words.
A magic dart appears from out of thin air!
The magic dart hits you. 😮 HP[-3] MP[-1]
You take 3 damage, and now have 25/35 hp.
You lost 1 mp, and now have 0/8 mp.
Without enough magic to sustain it, your searing ray dissipates.
Something misses you.
You hear some strange, mumbled words.
You are confused.
In your confused state, you trip and fall back down the stairs.
Something hits you but does no damage. 😮 HP[-1] MP[+1]
You take 1 damage, and now have 24/35 hp.
Something hits you but does no damage.
In your confused state, you trip and fall back down the stairs.
An orc wizard appears from thin air!
Reactivating autopickup.
The orc wizard hits you but does no damage. 😮 HP[-1]
You take 1 damage, and now have 23/35 hp.
You hit the orc wizard.
The orc wizard hits you but does no damage.
The orc wizard hits you with a +0 dagger. 😮 HP[-2]
You take 2 damage, and now have 21/35 hp.
An iguana comes into view.
The iguana hisses angrily.
The orc wizard gestures at you while chanting.
The magic dart hits you but does no damage. 😮 HP[+1]
You feel less confused.
The orc wizard points at you and mumbles some strange words.
The magic dart hits you but does no damage.
You hit the orc wizard but do no damage.
The orc wizard closely misses you.
You barely miss the orc wizard. The orc wizard barely misses you.
The orc wizard hits you with a +0 dagger. 😮 HP[-4]
You take 4 damage, and now have 18/35 hp.
You barely miss the orc wizard.
The iguana bites you but does no damage.
The orc wizard casts a spell at you. The puff of flame hits you.
* * * LOW HITPOINT WARNING * * *
😨 HP[-3] MP[+1]
You take 3 damage, and now have 15/35 hp.
You barely miss the orc wizard.
The iguana hisses menacingly.
The iguana bites you.
* * * LOW HITPOINT WARNING * * *
The orc wizard barely misses you. The iguana closely misses you. 😨 HP[-4]
You take 4 damage, and now have 11/35 hp.
You closely miss the orc wizard.
You punch the orc wizard, but do no damage.
The orc wizard misses you. The iguana bites you.
* * * LOW HITPOINT WARNING * * *
The orc wizard misses you. 😱 HP[-5]
You take 5 damage, and now have 6/35 hp.
You barely miss the orc wizard. The iguana bites you.
* * * LOW HITPOINT WARNING * * *
The orc wizard barely misses you. 😱 HP[-1]
You take 1 damage, and now have 5/35 hp.
The iguana hisses menacingly.
The orc wizard closely misses you. The iguana closely misses you.
The orc wizard casts a spell at you. You resist with some effort.
There is a stone staircase leading up, spattered with blood here.
The orc wizard casts a spell at you. You resist with some effort. 😱 MP[+1]
Casting: Searing Ray (safe; 3% risk of failure)
Confirm with . or Enter, or press ? or * to list all spells.
Aiming: Searing Ray (safe; 3% risk of failure)
Press: ? - help, Shift-Dir - straight line, f - iguana
Aim: an iguana (82% to hit)
The searing ray hits the iguana!
The searing ray hits the orc wizard.
You kill the orc wizard! (Press . to maintain the ray.)
The iguana bites you!
You die...

Skill      XL: |  1  2  3  4 |
---------------+-------------+-----
Conjurations   | 5 |  5.4
Polearms       | |  0.5
Dodging        | |  2.2
Stealth        | |  2.5
Spellcasting   | |  2.5

Action                   |  1- 3 |  4- 6 || total
-------------------------+-------+-------++-------
Melee: Spear             |    53 |       ||    53
       Punch             |     2 |     1 ||     3
       Flail             |       |     7 ||     7
 Cast: Magic Dart        |    38 |    16 ||    54
       Searing Ray       |     5 |     5 ||    10
Armor: Robe              |    17 |       ||    17
       Leather armour    |       |     7 ||     7
Dodge: Dodged            |    33 |    14 ||    47

Levels and vault maps discovered:
D:1:      dpeg_arrival_tiny_k, layout_loops_corners
D:2:      layout_rooms, basic_altar, serial_shops,
          nicolae_shop_advertising_works [nicolae_subvault_shop_adworks],
          serial_forest, infiniplex_forest_clump_small, infiniplex_forest_end_2,
          infiniplex_forest_clump_medium, infiniplex_forest_end_double,
          infiniplex_forest_clump_small, infiniplex_forest_clump_small,
          infiniplex_forest_clump_curved, uniq_sigmund
D:3:      layout_basic, mainiacjoe_overflow_tiny_flanked,
          hellmonk_ecumenical_altar_inner_sanctum
D:4:      layout_basic

Notes
Turn   | Place    | Note
-------+----------+-------------------------------------------
     0 | D:1      | mortz the Human Conjurer began the quest for the Orb.
     0 | D:1      | Reached XP level 1. HP: 13/13 MP: 3/3
     0 | D:1      | magus.rc [v1.9.6]
   190 | D:1      | Reached XP level 2. HP: 8/19 MP: 1/5
   646 | D:1      | You pick up a book of Conjurations {@e2} and begin
                  | reading...
   661 | D:1      | Learned a level 2 spell: Searing Ray
   803 | D:1      | Reached XP level 3. HP: 24/24 MP: 3/6
  1329 | D:2      | Noticed Sigmund
  1329 | D:2      | Found a broken altar of Ashenzari.
  2283 | D:3      | Reached XP level 4. HP: 30/30 MP: 5/7
  2516 | D:3      | Found a faded altar of an unknown god.
  2725 | D:3      | Found a hazy altar of Hepliaklqana.
  2919 | D:4      | You add the spells Sting, Poisonous Vapours and Olgreb's
                  | Toxic Radiance to your library.
  2922 | D:4      | Reached skill level 5 in Conjurations
  2943 | D:4      | Reached XP level 5. HP: 35/35 MP: 0/8
  3299 | D:4      | HP: 6/35 [iguana (5)]
  3306 | D:4      | Slain by an iguana

Vanquished Creatures
  An orc priest (D:4)
  An orc wizard (D:4)
  3 gnolls (D:4)
  A worm (D:3)
  A dart slug (D:1)
  8 orcs
  2 endoplasms
  2 giant cockroaches
  2 goblins
  2 hobgoblins (D:1)
  4 jackals (D:1)
  A quokka (D:4)
  9 ball pythons
  2 bats (D:1)
  2 frilled lizards
  2 kobolds
  2 rats (D:1)
45 creatures vanquished.

Vanquished Creatures (others)
  2 plants (D:2)
2 creatures vanquished.

Grand Total: 47 creatures vanquished

Table legend:
 A = Non-vault XP
 B = Vault XP
 C = Vault XP percentage of total XP
 D = Non-vault monster count
 E = Vault monster count
 F = Vault count percentage of total count
                 A         B        C        D         E       F
            +---------+---------+-------+---------+---------+-------
      Total |     199 |       0 |   0.0 |      45 |       0 |   0.0
            +---------+---------+-------+---------+---------+-------
        D:1 |      34 |       0 |   0.0 |      20 |       0 |   0.0
        D:2 |       8 |       0 |   0.0 |       6 |       0 |   0.0
        D:3 |      28 |       0 |   0.0 |      10 |       0 |   0.0
        D:4 |     129 |       0 |   0.0 |       9 |       0 |   0.0
            +---------+---------+-------+---------+---------+-------

Illustrated notes

Table legend:
 A = Kills in this place as a percentage of kills in entire the game.
 B = Kills by you in this place as a percentage of kills by you in the entire game.
 C = Kills by friends in this place as a percentage of kills by friends in the entire game.
 D = Other kills in this place as a percentage of other kills in the entire game.
 E = Experience gained in this place as a percentage of experience gained in the entire game.
 F = Experience gained in this place divided by the number of levels of this place that you have seen.
                   A       B       C       D       E      F
               +-------+-------+-------+-------+-------+----------------------
         Total | 100.0 | 100.0 |   N/A |   N/A | 100.0 |  49.8
       Dungeon | 100.0 | 100.0 |   N/A |   N/A | 100.0 |  49.8
               +-------+-------+-------+-------+-------+----------------------

Table legend: (Time is in decaauts)
 A = Elapsed time spent in this place.
 B = Non-inter-level travel time spent in this place.
 C = Inter-level travel time spent in this place.
 D = Time resting spent in this place.
 E = Time spent auto-exploring this place.
 F = Levels seen in this place.
 G = Mean time per level.
                   A        B        C        D        E       F      G
               +--------+--------+--------+--------+--------+-----+--------+
         Total |   3317 |   3170 |    147 |    711 |   1819 |   4 |  829.2 |
       Dungeon |   3317 |   3170 |    147 |    711 |   1819 |   4 |  829.2 |
               +--------+--------+--------+--------+--------+-----+--------+

Top non-repeatable levels by time:
     D:1: 1378 daAuts
     D:3: 1141 daAuts
     D:2: 429 daAuts
     D:4: 368 daAuts
